 Dungeon Crawl Stone Soup version 0.31-a0-662-g684573625c (webtiles) character file.

Game seed: 12965324016781141840

162 cforsyth the Trooper (level 5, 0/41 HPs)
             Began as a Djinni Cinder Acolyte on Sept 1, 2023.
             Was a High Priest of Ignis.
             Slain by an orc wizard
             ... wielding a +0 dagger
              (2 damage)
             ... on level 4 of the Dungeon.
             The game lasted 00:03:34 (2712 turns).

cforsyth the Trooper (Djinni Cinder Acolyte)        Turns: 2712, Time: 00:03:35

Health: 0/41       AC:  8    Str: 21    XL:     5   Next: 71%
Gold:   140        EV:  8    Int: 17    God:    Ignis [*****.] SH:  0 Dex:  9

rFire   + + +        a - -1 falchion (flame)
rCold   x . .        n - +1 buckler of Curiosity {-Cast -Tele Str+8 SInv}
rNeg    . . .        g - +0 chain mail
rPois   ∞            (no helmet)
rElec   .            (no cloak)
rCorr   .            (no gloves)
SInv    +            (boots unavailable)
Will    .....        (no amulet) Stlth
                     (no ring)
HPRegen 0.26/turn    (no ring)
MPRegen 0.00/turn

%: no teleportation, no spellcasting, infuse magic (-1 HP)
@: confused, flying
A: sickness immunity, fire resistance 2, cold vulnerability 1, float, innate
caster, HP casting, extra vitality 1
a: Renounce Religion, Fiery Armour, Foxfire Swarm, Rising Flame


You were on level 4 of the Dungeon.
You worshipped Ignis.
Ignis was extremely pleased with you.
You visited 1 branch of the dungeon, and saw 4 of its levels.

You collected 140 gold pieces.

Inventory:

Hand Weapons
 a - a -1 falchion of flaming (weapon)
Armour
 b - a +0 robe
 g - a +0 chain mail (worn)
 n - the +1 buckler of Curiosity (worn) {-Cast -Tele Str+8 SInv}
   (You found it on level 3 of the Dungeon)

   Str+8:     It affects your strength (+8).
   SInv:      It lets you see invisible.
   -Cast:     It prevents spellcasting.
   -Tele:     It prevents most forms of teleportation.
Wands
 e - a wand of charming (9)
 j - a wand of digging (5)
 k - a wand of flame (16)
Scrolls
 c - 2 scrolls of noise {unknown}
 d - 2 scrolls of revelation {unknown}
 f - 3 scrolls of identify {unknown}
 m - a scroll of teleportation {unknown}
Potions
 h - a potion of berserk rage {unknown}
 i - a potion of curing {unknown}
 l - a potion of mutation {unknown}


   Skills:
 + Level 4.2 Fighting
 - Level 3.3 Long Blades
 + Level 2.1 Dodging
 + Level 3.1 Spellcasting
 + Level 3.1 Conjurations
 + Level 3.1 Hexes
 + Level 3.1 Summonings
 + Level 3.1 Necromancy
 + Level 3.1 Translocations
 + Level 3.1 Transmutations
 + Level 3.1 Fire Magic
 + Level 3.1 Ice Magic
 + Level 3.1 Air Magic
 + Level 3.1 Earth Magic
 + Level 3.1 Poison Magic


You knew the following spells:

 Your Spells              Type           Power      Damage    Failure   Level
a - Scorch                Fire           26%        2d6       61%         2
b - Shock                 Conj/Air       52%        1d6       45%         1
c - Passwall              Tmut/Erth      10%        N/A       61%         2
Your spell library was empty.

Dungeon Overview and Level Annotations

Branches:
Dungeon (4/15)
 Temple: D:4-7

Altars:
Hepliaklqana
Makhleb
The Shining One

Shops:
D:1 (   D:3 ?


Innate Abilities, Weirdness & Mutations

You are immune to sickness and miasma.
You are immune to poison.
Your flesh is very heat resistant. (rF++)
You are vulnerable to cold. (rC-)
You float through the air rather than walking.
You learn spells naturally, not from books.
Your magical power is your life essence.
You have superior vitality. (+4 MHP)


Message History

The orc wizard is severely wounded.
The orc hits you with a +0 morningstar. The orc wizard completely misses you.
The orc wizard hits you but does no damage.
You completely miss the orc wizard.
The orc wizard is severely wounded.
The orc barely misses you. The orc wizard casts a spell at you.
You are confused.
The orc wizard hits you but does no damage.
The orc wizard hits you with a +0 dagger.
The orc hits you with a +0 morningstar.
The orc wizard hits you with a +0 dagger.
You are too confused!
You are too confused!
You are too confused!
You are too confused!
You are too confused!
You are too confused!
You are too confused!
You are too confused!
You are too confused!
You are too confused!
You are too confused!
You bump into the rock wall.
The orc barely misses you.
The orc wizard hits you with a +0 dagger.
The orc wizard gestures at you while chanting.
You resist with some effort. The orc hits you with a +0 morningstar.
There is a stone staircase leading up here.
You bump into the rock wall.
The orc hits you with a +0 morningstar.
* * * LOW HITPOINT WARNING * * *
The orc wizard hits you but does no damage.
You hit the orc but do no damage. The orc closely misses you.
The orc wizard casts a spell at you. The puff of flame hits you. You resist.
* * * LOW HITPOINT WARNING * * *
The orc hits you with a +0 morningstar!
* * * LOW HITPOINT WARNING * * *
The orc wizard hits you with a +0 dagger.
You die...

########
#......#
#.#...
###.#o#######
#..oo@.......
#.#.#########
#. #. ##


You could see 2 orc wizards and an orc.

Vanquished Creatures
  Ijyb (D:2)
  3 adders
  4 gnolls
  A worm (D:2)
  2 dart slugs
  4 orcs (D:3)
  3 ball pythons
  9 endoplasms
  2 giant cockroaches
  4 hobgoblins
  6 jackals
  7 bats
  6 frilled lizards
  2 goblins
  3 kobolds
  6 rats
63 creatures vanquished.

Notes
Turn   | Place    | Note
-------+----------+-------------------------------------------
     0 | D:1      | cforsyth the Djinni Cinder Acolyte began the quest for the
                  | Orb.
     0 | D:1      | cforsyth set off with the following spells memorised:
                  | Scorch.
     0 | D:1      | Reached XP level 1. HP: 20/20 MP: 0/0
    92 | D:1      | Found Sagewung's Antique Weapon Shoppe.
   205 | D:1      | Reached XP level 2. HP: 19/25 MP: 0/0
   537 | D:1      | Reached XP level 3. HP: 15/30 MP: 0/0
   537 | D:1      | Learned a level 1 spell: Shock
  1225 | D:2      | Reached XP level 4. HP: 25/36 MP: 0/0
  1425 | D:2      | Found a faded altar of an unknown god.
  1591 | D:3      | Noticed Ijyb
  1622 | D:2      | Killed Ijyb
  1669 | D:3      | Reached skill level 1 in Dodging
  1749 | D:3      | Found a faded altar of an unknown god.
  1753 | D:3      | Found a burning altar of Makhleb.
  1859 | D:3      | Found Kizuqih's Magic Scroll Shoppe.
  1877 | D:2      | Reached skill level 4 in Fighting
  1877 | D:2      | Reached XP level 5. HP: 33/41 MP: 0/0
  1877 | D:2      | Learned a level 2 spell: Passwall
  2261 | D:3      | Identified the +1 buckler of Curiosity {-Cast -Tele Str+8
                  | SInv}
  2514 | D:3      | Found a hazy altar of Hepliaklqana.
  2514 | D:3      | Found a glowing golden altar of the Shining One.
  2712 | D:4      | HP: 2/41 [orc/+0 morningstar (7)]
  2712 | D:4      | Slain by an orc wizard

Illustrated notes

Levels and vault maps discovered:
D:1:      reono_arrival_forest_river, layout_rooms, serial_shops, shop
D:2:      layout_loops_cross, dreamdust_ecumenical_altar_angels_and_demons,
          basic_altar, hangedman_decor_slide_cut
D:3:      layout_basic, nicolae_overflow_ecumenical_swirl,
          gammafunk_temple_overflow_statue, serial_shops, nicolae_shop_stone,
          hex_medium, uniq_ijyb
D:4:      layout_basic, doesnt_xom_only_xom,
          mainiacjoe_overflow_surrounded_room, nicolae_wu_jian_wuxing_cycle,
          minmay_temple_entry_poolview, uniq_edmund

Skill      XL: |  1  2  3  4  5 |
---------------+----------------+-----
Long Blades    | 3 |  3.3
Dodging        | 1 2 |  2.1
Fighting       | 4 |  4.2
Spellcasting   | 3 |  3.1
Conjurations   | 3 |  3.1
Hexes          | 3 |  3.1
Summonings     | 3 |  3.1
Necromancy     | 3 |  3.1
Translocations | 3 |  3.1
Transmutations | 3 |  3.1
Fire Magic     | 3 |  3.1
Ice Magic      | 3 |  3.1
Air Magic      | 3 |  3.1
Earth Magic    | 3 |  3.1
Poison Magic   | 3 |  3.1

Action                     |  1- 3 |  4- 6 || total
---------------------------+-------+-------++-------
  Melee: Falchion          |   129 |   130 ||   259
         Punch             |     1 |     1 ||     2
  Evoke: Wand              |       |     4 ||     4
    Use: Potion            |       |     1 ||     1
   Stab: Sleeping          |     2 |       ||     2
 Armour: Robe              |    60 |       ||    60
         Chain mail        |    30 |   161 ||   191
  Dodge: Dodged            |    64 |    62 ||   126
  Block: Buckler           |       |    12 ||    12

Table legend: (Time is in decaauts)
 A = Elapsed time spent in this place.
 B = Non-inter-level travel time spent in this place.
 C = Inter-level travel time spent in this place.
 D = Time resting spent in this place.
 E = Time spent auto-exploring this place.
 F = Levels seen in this place.
 G = Mean time per level.
                   A        B        C        D        E       F      G
               +--------+--------+--------+--------+--------+-----+--------+
         Total |   2751 |   2659 |     92 |     67 |   1983 |   4 |  687.8 |
       Dungeon |   2751 |   2659 |     92 |     67 |   1983 |   4 |  687.8 |
               +--------+--------+--------+--------+--------+-----+--------+

Top non-repeatable levels by time:
     D:3: 1007 daAuts
     D:2: 967 daAuts
     D:1: 756 daAuts
     D:4: 20 daAuts
